 Dungeon Crawl Stone Soup version 0.28-a0-643-g84cb2ea78e (webtiles) character file.

Game seed: 7650216882053796610

39762 flotson the Fighter (level 13, -5/103 HPs)
             Began as a Demonspawn Delver on Oct 7, 2021.
             Was an Initiate of Gozag.
             Killed from afar by a molten gargoyle (24 damage)
             ... with a bolt of magma
             ... on level 6 of the Lair of Beasts on Oct 11, 2021.
             The game lasted 00:51:11 (25366 turns).

flotson the Fighter (Demonspawn Delver)            Turns: 25366, Time: 00:51:11

Health: -5/103     AC: 20    Str: 22    XL:     13   Next: 71%
Magic:  13/13      EV: 14    Int: 13    God:    Gozag
Gold:   1938       SH: 13    Dex: 20    Spells: 12/12 levels left

rFire   . . .      SeeInvis +   b - +8 spear of Prudence {drain, Dex+5}
rCold   . . .      Faith    .   F - +2 kite shield
rNeg    + . .      Spirit   .   O - +3 scale mail of the Unseen Realm {*Slow rN+ SInv}
rPois   .          Reflect  .   (helmet unavailable)
rElec   .          Harm     .   E - +1 cloak {Will+}
rCorr   .          Rampage  .   q - +0 pair of gloves
Will    +....                   h - +0 pair of boots
Stlth   ++........              X - amulet of regeneration
HPRegen 1.27/turn               p - +6 ring of strength
MPRegen 0.13/turn               B - +4 ring of protection

@: no status effects
A: horns 3, foul stench 1, spiny 1
a: Renounce Religion, Potion Petition, Call Merchant, Bribe Branch


You were on level 6 of the Lair of Beasts.
You worshipped Gozag.
Gozag was most pleased with you.
You visited 3 branches of the dungeon, and saw 17 of its levels.
You also visited: Gauntlet.

You collected 3004 gold pieces.
You spent 870 gold pieces at shops.
You paid 196 gold pieces to Gozag.

Inventory:

Hand Weapons
 a - a +1 broad axe of electrocution
 b - the +8 spear of Prudence (weapon) {drain, Dex+5}
   (You bought it in a shop on level 1 of the Dungeon)

   A truly terrible weapon, it drains the life of any living foe it strikes.
   Dex:       It affects your dexterity (+5).
 A - a +0 long sword of flaming
Missiles
 u - 8 boomerangs
 w - 88 poisoned darts
 J - 3 silver javelins
 L - a curare-tipped dart
 N - 6 atropa-tipped darts
 P - 6 javelins (quivered)
Armour
 h - a +0 pair of boots (worn)
 q - a +0 pair of gloves (worn)
 E - a +1 cloak of willpower (worn)
 F - a +2 kite shield (worn)
 O - the +3 scale mail of the Unseen Realm (worn) {*Slow rN+ SInv}
   (You took it off a minotaur in a Gauntlet)

   rN:        It protects you from negative energy.
   SInv:      It lets you see invisible.
   *Slow:     It may slow you when you take damage.
Jewellery
 j - a +6 ring of dexterity
 p - a +6 ring of strength (left hand)
 r - a ring of see invisible
 t - a ring of flight
 z - an amulet of reflection
 B - a +4 ring of protection (right hand)
 G - a ring of resist corrosion
 X - an amulet of regeneration (around neck)
Wands
 f - a wand of iceblast (3)
 g - a wand of digging (10)
 C - a wand of polymorph (6)
 D - a wand of flame (19)
Scrolls
 c - 4 scrolls of fog
 l - 4 scrolls of teleportation
 v - a scroll of immolation
 y - a scroll of summoning {unknown}
 I - 3 scrolls of magic mapping
 M - 5 scrolls of enchant weapon
 S - 2 scrolls of vulnerability
 T - a scroll of brand weapon {unknown}
 U - a scroll of enchant armour {unknown}
Potions
 i - 4 potions of flight
 k - 2 potions of curing
 m - a potion of berserk rage
 n - a potion of heal wounds
 s - 2 potions of lignification
 x - a potion of might
 H - a potion of attraction
 Q - 2 potions of mutation
 V - a potion of haste
 Y - a potion of resistance
Miscellaneous
 d - a phantom mirror
 e - a box of beasts
 o - a piece from Xom's chessboard (15/15)
 K - a tin of tremorstones (2/2)
 R - a phial of floods


   Skills:
 + Level 10.2 Fighting
 + Level 9.0 Axes
 + Level 8.3 Throwing
 + Level 8.8 Armour
 + Level 9.1 Dodging
 - Level 4.6 Stealth
 + Level 6.7 Shields
 + Level 9.1 Evocations


You had 12 spell levels left.
You didn't know any spells.
Your spell library contained the following spells:

 Spells                   Type           Power      Damage    Failure   Level
 Apportation              Tloc           0%         N/A       90%         1
 Foxfire                  Conj/Fire      0%         2x1d4     90%         1
 Magic Dart               Conj           0%         1d3       90%         1
 Shock                    Conj/Air       0%         1d3       90%         1
 Blink                    Tloc           N/A        N/A       97%         2
 Call Imp                 Summ           0%         N/A       97%         2
 Static Discharge         Conj/Air       0%         N/A       97%         2
 Confusing Touch          Hex            0%         N/A       99%         3
 Conjure Flame            Conj/Fire      0%         6-21      99%         3
 Dazzling Flash           Conj/Hex       0%         N/A       99%         3
 Gell's Gravitas          Tloc           0%         N/A       99%         3
 Ignite Poison            Fire/Tmut/Pois 0%         N/A       99%         3
 Inner Flame              Hex/Fire       0%         N/A       99%         3
 Lesser Beckoning         Tloc           0%         N/A       99%         3
 Mephitic Cloud           Conj/Pois/Air  0%         N/A       99%         3
 Portal Projectile        Hex/Tloc       0%         N/A       99%         3
 Teleport Other           Tloc           0%         N/A       99%         3
 Dispel Undead            Necr           0%         3d6       100%        4
 Flame Wave               Conj/Fire      0%         3d3       100%        4
 Sticky Flame             Conj/Fire      0%         2d3       100%        4
 Agony                    Necr           0%         N/A       100%        5
 Alistair's Intoxication  Tmut/Pois      0%         N/A       100%        5
 Blade Hands              Tmut           0%         N/A       100%        5
 Borgnjor's Vile Clutch   Necr/Erth      0%         N/A       100%        5
 Freezing Cloud           Conj/Ice/Air   0%         6-21      100%        5
 Irradiate                Conj/Tmut      0%         3d13      100%        5
 Manifold Assault         Tloc           0%         N/A       100%        5
 Silence                  Hex/Air        0%         N/A       100%        5
 Eringya's Noxious Bog    Tmut/Pois      0%         N/A       100%        6
 Invisibility             Hex            0%         N/A       100%        6
 Dragon Form              Tmut           0%         N/A       100%        7


Dungeon Overview and Level Annotations

Branches:
Dungeon (10/15)            Temple (1/1) D:4            Lair (6/6) D:10
  Swamp (0/4) Lair:2       Spider (0/4) Lair:4        Slime (0/5) Lair:5
Gauntlet (visited)
    Orc: D:9-12

Altars:
Ashenzari
Cheibriados
Dithmenos
Elyvilon
Fedhas
Gozag
Hepliaklqana
Kikubaaqudgha
Makhleb
Nemelex Xobeh
Okawaru
Qazlal
Ru
Sif Muna
Trog
Uskayaw
Vehumet
Wu Jian
Xom
Yredelemnul
Zin
The Shining One
Jiyva

Shops:
D:1 **   D:2 (   D:5 !

Annotations:
D:10 3 runed translucent doors, timneilson's ghost, novice GrFi
Lair:5 1 runed translucent door
Lair:6 2 runed translucent doors


Innate Abilities, Weirdness & Mutations

You have a pair of large horns on your head.
You may rarely emit foul miasma when damaged in melee.
You are partially covered in sharp spines.


Message History

You block the molten gargoyle's attack.
You barely miss the molten gargoyle.
The molten gargoyle is moderately damaged.
The molten gargoyle blasts magma at you!
The bolt of magma hits you!
The molten gargoyle blasts magma at you!
The bolt of magma misses you.
You hit the molten gargoyle but do no damage.
You headbutt the molten gargoyle, but do no damage.
The molten gargoyle is moderately damaged.
You block the molten gargoyle's attack.
The molten gargoyle blasts magma at you!
The bolt of magma hits you!
You hit the molten gargoyle but do no damage.
You headbutt the molten gargoyle, but do no damage.
The molten gargoyle is moderately damaged.
The molten gargoyle blasts magma at you!
The bolt of magma misses you.
The molten gargoyle blasts magma at you!
The bolt of magma hits you!!
Aiming: Iceblast
Press: ? - help, Shift-Dir - straight line, p - molten gargoyle The mass of ice explodes!
The iceblast engulfs the molten gargoyle.
The molten gargoyle is lightly damaged.
The iceblast engulfs the molten gargoyle!
The molten gargoyle is severely damaged.
You hear a deafening roar!
You hear a bark!
The molten gargoyle blasts magma at you!
The bolt of magma hits you!!
The molten gargoyle blasts magma at you!
The bolt of magma hits you!!
The molten gargoyle blasts magma at you!
The bolt of magma hits you!
* * * LOW HITPOINT WARNING * * *
A hell hound comes into view.
The molten gargoyle blasts magma at you!
The bolt of magma hits you!!
You die...
Your body crumbles into a pile of gold.

....≈§≈######≈§≈≈..######
..#≈§§##$ $$##≈≈##.##8#8#
##§§§§# $ .=?#§≈#......#
...§§§#.. ...#≈#......#8#
....#≈#...D..#§.§.....#
....#§#......#.≈......#
...## #....##.§#.....##
..## ≈##++##.≈§#......###
.## ≈≈≈..≈≈≈≈#@........##
#≈≈..≈§.............#
..≈..≈..9........####
.........9....####
...h.....≈≈≈≈##
≈§..§.§≈≈≈≈###
§§≈≈..§§§### .#≈≈§§§§§≈
##.#8###≈≈


You could see 2 molten gargoyles and a hell hound (wandering).

Vanquished Creatures
  Rupert (Lair:4)
  An entropy weaver (Gauntlet)
  A minotaur (Gauntlet)
  3 hydras
  A boulder beetle (Lair:6)
  4 death yaks
  A two-headed ogre (D:7)
  A fire crab (Lair:6)
  An oklob plant (Lair:6)
  6 black mambas
  A gargoyle (Gauntlet)
  Maggie (D:8)
  A torpor snail (Lair:4)
  A molten gargoyle (Lair:6)
  13 cane toads
  2 rime drakes
  15 komodo dragons
  3 jumping spiders
  2 polar bears
  4 dream sheep (Lair:5)
  7 blink frogs
  2 wraiths (D:9)
  2 redbacks
  3 vampires (D:10)
  4 wyverns
  44 yaks
  3 shadows
  4 basilisks
  A steam dragon (D:10)
  7 water moccasins
  3 hell hounds (Lair:6)
  2 hornet zombies (D:6)
  3 sky beasts
  An ice beast (D:6)
  A swamp drake (D:10)
  A necrophage (D:8)
  An ogre (D:4)
  14 wolves
  4 centaurs
  2 phantoms (D:6)
  3 kobold brigands
  3 gnoll sergeants
  9 bullfrogs
  2 scorpions
  A water moccasin zombie (D:4)
  A water moccasin skeleton (D:6)
  3 killer bees (D:10)
  A howler monkey (D:8)
  13 wights
  6 electric eels
  5 bullfrog zombies
  3 jellies
  4 lava snakes (Lair:6)
  A centaur skeleton (D:6)
  4 centaur zombies
  A bullfrog skeleton (D:6)
  A human zombie (D:6)
  5 orc priests
  13 iguanas
  2 orc wizards
  9 hell rats
  A hound skeleton (D:4)
  2 mummies (D:6)
  A howler monkey zombie (D:6)
  10 gnolls
  A howler monkey skeleton (D:7)
  10 adders
  5 river rats (Lair:6)
  2 shadow imps (Gauntlet)
  2 white imps
  An ufetubus (D:5)
  3 worms
  A dart slug (D:1)
  13 orcs
  11 endoplasms
  6 giant cockroaches
  8 goblins
  5 hobgoblins
  6 jackals
  4 quokkas
  9 ball pythons
  2 bats (D:3)
  18 frilled lizards
  14 kobolds
  6 rats
403 creatures vanquished.

Vanquished Creatures (others)
  2 kobolds (D:9)
  13 fungi
  20 plants
  4 withered plants (Gauntlet)
39 creatures vanquished.

Grand Total: 442 creatures vanquished

Notes
Turn   | Place    | Note
-------+----------+-------------------------------------------
     0 | D:5      | flotson the Demonspawn Delver began the quest for the Orb.
     0 | D:5      | Reached XP level 1. HP: 18/18 MP: 1/1
    28 | D:5      | Noticed a scorpion
    84 | D:5      | Noticed a shadow
   151 | D:5      | Noticed an iguana
   172 | D:4      | Noticed a sky beast
   302 | D:2      | Found a snail-covered altar of Cheibriados.
   458 | D:1      | Found Vumik's Assorted Antiques.
   649 | D:1      | Gained mutation: You have a pair of small horns on your
                  | head. [demonic ancestry]
   649 | D:1      | Reached XP level 2. HP: 21/24 MP: 2/2
   922 | D:1      | Found Douduy's General Store.
   928 | D:1      | Reached skill level 1 in Armour
  1089 | D:1      | Found a faded altar of an unknown god.
  1097 | D:1      | Got Plato's Handbook of Flight
  1684 | D:2      | Reached XP level 3. HP: 29/29 MP: 3/3
  2620 | D:2      | Found Joanigg's Antique Weapon Boutique.
  2785 | D:3      | Reached XP level 4. HP: 27/36 MP: 4/4
  3928 | D:4      | Found a staircase to the Ecumenical Temple.
  3937 | Temple   | Entered the Ecumenical Temple
  4104 | D:3      | Reached XP level 5. HP: 34/42 MP: 5/5
  4169 | D:4      | Noticed an ogre
  4204 | D:4      | Reached skill level 4 in Fighting
  4484 | D:4      | Killed an ogre
  4485 | D:4      | Reached XP level 6. HP: 21/48 MP: 6/6
  4792 | D:4      | Reached skill level 1 in Evocations
  4933 | D:4      | Reached skill level 1 in Throwing
  5453 | D:5      | Killed a shadow
  5454 | D:5      | Reached XP level 7. HP: 5/55 MP: 7/7
  5836 | D:5      | Found Ciczeoj's Distillery.
  6110 | D:5      | Found a shimmering altar of Xom.
  6778 | D:4      | Found a staircase to the Ecumenical Temple.
  7766 | D:2      | Reached skill level 5 in Fighting
  8091 | D:2      | Found Joanigg's Antique Weapon Boutique.
  8557 | D:5      | Found a snail-covered altar of Cheibriados.
  8716 | D:6      | Reached XP level 8. HP: 62/62 MP: 8/8
  9925 | D:6      | Found an ancient bone altar of Kikubaaqudgha.
 10648 | D:6      | Found an ancient bone altar of Kikubaaqudgha.
 10825 | D:6      | Gained mutation: You may rarely emit foul miasma when
                  | damaged in melee. [demonic ancestry]
 10825 | D:6      | Reached XP level 9. HP: 34/69 MP: 9/9
 11341 | D:2      | Bought a runed broad axe for 168 gold pieces
 11525 | D:7      | Reached skill level 5 in Dodging
 11540 | D:7      | Reached skill level 6 in Fighting
 11643 | D:7      | Noticed a two-headed ogre
 11673 | D:7      | Killed a two-headed ogre
 11674 | D:7      | Reached skill level 5 in Axes
 11736 | D:7      | Found a radiant altar of Vehumet.
 11941 | D:7      | Noticed a seven-headed hydra
 11948 | D:7      | Killed a five-headed hydra
 11949 | D:7      | Reached skill level 5 in Armour
 11949 | D:7      | Reached skill level 5 in Evocations
 12610 | D:8      | Gained mutation: You have a pair of horns on your head.
                  | [demonic ancestry]
 12610 | D:8      | Reached XP level 10. HP: 77/77 MP: 10/10
 12666 | D:8      | Reached skill level 7 in Fighting
 12745 | D:8      | Reached skill level 1 in Shields
 13346 | D:8      | Noticed Maggie
 13354 | D:8      | Reached skill level 5 in Throwing
 13363 | D:8      | Killed Maggie
 15045 | D:10     | Entered Level 10 of the Dungeon
 15075 | D:10     | Noticed a seven-headed hydra
 15086 | D:10     | Killed a four-headed hydra
 15087 | D:10     | Reached XP level 11. HP: 13/86 MP: 11/11
 15578 | D:10     | Found a runed translucent gate.
 15578 | D:10     | Found a runed translucent gate.
 15578 | D:10     | Found a runed translucent gate.
 15578 | D:10     | Noticed timneilson's ghost (novice GrFi)
 15999 | D:10     | Found an opulent altar of Gozag.
 16004 | D:10     | Became a worshipper of Gozag Ym Sagoz the Greedy
 16159 | D:10     | Found a staircase to the Lair.
 16206 | D:10     | Reached skill level 8 in Fighting
 17459 | Lair:1   | Entered Level 1 of the Lair of Beasts
 18971 | Lair:2   | Found a gate leading to a gauntlet.
 18979 | Gauntlet | Entered a Gauntlet
 18979 | Gauntlet | Noticed a catoblepas
 18979 | Gauntlet | Found a transporter.
 18979 | Gauntlet | Found a runed translucent door.
 18979 | Gauntlet | Found a runed translucent door.
 19047 | Gauntlet | Found a transporter.
 19049 | Gauntlet | Found a transporter.
 19054 | Gauntlet | Found a runed translucent door.
 19054 | Gauntlet | Found a runed translucent door.
 19059 | Gauntlet | Found a transporter.
 19062 | Gauntlet | Found a transporter.
 19064 | Gauntlet | Noticed a wizard
 19071 | Gauntlet | Found a transporter.
 19080 | Gauntlet | Noticed a wizard
 19087 | Gauntlet | Found a transporter.
 19098 | Gauntlet | Found a transporter.
 19109 | Gauntlet | Noticed an entropy weaver
 19110 | Gauntlet | Found a transporter.
 19125 | Gauntlet | Found a transporter.
 19140 | Gauntlet | Found a transporter.
 19140 | Gauntlet | Found a transporter.
 19141 | Gauntlet | Noticed a soul eater
 19181 | Gauntlet | Found a transporter.
 19196 | Gauntlet | Found a transporter.
 19802 | Gauntlet | Upgraded the game from 0.28-a0-622-gbaef9634d7 to
                  | 0.28-a0-643-g84cb2ea78e
 19806 | Gauntlet | Killed an entropy weaver
 19807 | Gauntlet | Gained mutation: You have a pair of large horns on your
                  | head. [demonic ancestry]
 19807 | Gauntlet | Reached XP level 12. HP: 87/94 MP: 12/12
 19857 | Gauntlet | Identified the +3 scale mail of the Unseen Realm {*Slow rN+
                  | SInv}
 19857 | Gauntlet | Noticed a minotaur
 19866 | Gauntlet | Killed a minotaur
 20095 | Lair:2   | Found a staircase to the Swamp.
 20678 | D:1      | Bought a scroll of identify for 46 gold pieces
 20678 | D:1      | Bought a cyan potion for 20 gold pieces
 20678 | D:1      | Bought an ancient spear for 184 gold pieces
 20678 | D:1      | Identified the +8 spear of Prudence {drain, Dex+5} (You
                  | bought it in a shop on level 1 of the Dungeon)
 20678 | D:1      | Bought a scroll labelled XEATUTROCRI for 23 gold pieces
 20678 | D:1      | Bought a scroll labelled XOIF HOUCSUAKE for 23 gold pieces
 20754 | D:1      | Bought a scroll of identify for 28 gold pieces
 20754 | D:1      | Bought a scroll of enchant weapon for 105 gold pieces
 20754 | D:1      | Bought a potion of attraction for 42 gold pieces
 20754 | D:1      | Bought a scroll of magic mapping for 49 gold pieces
 20754 | D:1      | Bought a potion of haste for 140 gold pieces
 20754 | D:1      | Bought a potion of curing for 42 gold pieces
 21124 | Lair:2   | Reached skill level 9 in Fighting
 21325 | Lair:2   | Reached skill level 5 in Shields
 22890 | Lair:4   | Noticed Rupert
 23087 | Lair:4   | Found a hole to the Spider Nest.
 23470 | Lair:4   | Killed Rupert
 23574 | Lair:4   | Gained mutation: You are partially covered in sharp spines.
                  | [demonic ancestry]
 23574 | Lair:4   | Reached XP level 13. HP: 101/101 MP: 13/13
 23823 | Lair:5   | Found a viscous altar of Jiyva.
 23823 | Lair:5   | Noticed an acid blob
 23824 | Lair:5   | Found a runed translucent door.
 23827 | Lair:5   | Found a staircase to the Slime Pits.
 24535 | Lair:6   | Entered Level 6 of the Lair of Beasts
 24730 | Lair:6   | Reached skill level 10 in Fighting
 24977 | Lair:6   | Got the Almanac of Execration
 25131 | Lair:6   | Found a large runed translucent door.
 25344 | Lair:6   | Noticed a fire dragon
 25350 | Lair:6   | Found a large runed translucent door.
 25366 | Lair:6   | Killed from afar by a molten gargoyle

Illustrated notes

Levels and vault maps discovered:
D:1:      amcnicky_arrival_wind_blow, layout_loops_ring, serial_shops,
          nicolae_shop_temple_entry_statues_fountains, nicolae_square_shop,
          shapermc_ecumenical_altar_rom_forum, st_stairs_7,
          minmay_tiny_reverse_x
D:2:      wad_crossroads, layout_loops_ring, serial_shops, shop, basic_altar,
          item_on_display_a
D:3:      layout_basic
D:4:      layout_loops_cross, minmay_temple_entry_proselytizer
D:5:      layout_basic, mainiacjoe_overflow_alcove_1,
          gammafunk_temple_overflow_statue, serial_shops,
          nicolae_shop_window_shopping, serial_rivers,
          chequers_serial_rivers_small_a, chequers_serial_rivers_small_a,
          chequers_serial_rivers_room_b, chequers_serial_rivers_micro_b,
          roderic_roman_lattice
D:6:      layout_basic, lemuel_mausoleum_altar_kikubaaqudgha,
          columned_hall_lemuel
D:7:      layout_loops_ring, mainiacjoe_overflow_tiny_flanked,
          kennysheep_doodads
D:8:      layout_loops_ring, grunt_ministairs_1, minmay_checkerbox, uniq_maggie
D:9:      layout_basic, kennysheep_nub
D:10:     lemuel_reptile_caves, layout_irregular_city,
          overflow_temple_1_default, lair_entry_dummy,
          gammafunk_ghost_nasty_kobolds
Temple:   compressed_dpeg_circular_temple
Lair:1:   layout_regular_city, grunt_megastairs_4
Lair:2:   layout_roguey, swamp_mist, gauntlet_entry_generic,
          serial_bayou_shore_a, serial_bayou_shore_b, lemuel_fruit_fields,
          serial_bayou_shore_b
Lair:3:   layout_regular_city, nicolae_quartered_pool_super
Lair:4:   layout_gridlike, spider_nest_entry_a, uniq_rupert
Lair:5:   layout_gridlike, slime_altar_2, lemuel_fruit_tree
Lair:6:   cheibrodos_lair_end_hotspot, layout_regular_city,
          kennysheep_abandoned_house

Skill      XL: |  1  2  3  4  5  6  7  8  9 10 11 12 13 |
---------------+----------------------------------------+-----
Dodging        | 2 3 4 5 6 7 8 9 |  9.1
Armour         | 1 2 3 4 5 6 7 8 |  8.8
Axes           | 2 3 4 5 6 7 8 9 |  9.0
Fighting       | 4 5 6 7 8 9 10 | 10.2
Evocations     | 1 2 3 5 6 7 8 9 |  9.1
Throwing       | 1 2 3 4 5 6 7 8 |  8.3
Shields        | 3 4 5 6 |  6.7
Stealth        | |  4.6

Action                   |  1- 3 |  4- 6 |  7- 9 | 10-12 | 13-15 || total
-------------------------+-------+-------+-------+-------+-------++-------
Melee: Hand axe          |   140 |    37 |       |       |       ||   177
       Headbutt          |    17 |    24 |    84 |   147 |    91 ||   363
       Trident           |       |   120 |    37 |       |       ||   157
       Spear             |       |       |   201 |   196 |   309 ||   706
       Broad axe         |       |       |    53 |   353 |       ||   406
       Long sword        |       |       |     2 |     5 |       ||     7
Throw: Javelin           |       |     4 |    10 |    52 |       ||    66
       Boomerang         |       |       |    18 |     9 |       ||    27
       Dart              |       |       |     3 |     6 |       ||     9
Evoke: Wand              |     2 |       |       |    20 |     1 ||    23
       Box of beasts     |       |       |       |     1 |       ||     1
       Phial of floods   |       |       |       |     1 |       ||     1
       Piece from Xom's  |       |       |       |     1 |       ||     1
  Use: Scroll            |     2 |       |     1 |    15 |     3 ||    21
       Potion            |     1 |       |     2 |     5 |       ||     8
 Stab: Sleeping          |    17 |     3 |    10 |     8 |       ||    38
       Distracted        |     1 |       |     1 |     4 |     2 ||     8
Armor: Leather armour    |    13 |       |       |       |       ||    13
       Ring mail         |    37 |    16 |       |       |       ||    53
       Scale mail        |       |    69 |    87 |    80 |    80 ||   316
       Steam dragon scal |       |       |       |   101 |       ||   101
Dodge: Dodged            |   105 |   100 |   129 |   221 |   115 ||   670
Block: Other             |       |       |    31 |       |       ||    31
       Kite shield       |       |       |    13 |   471 |   176 ||   660
       Reflection        |       |       |       |     6 |       ||     6

Table legend: (Time is in decaauts)
 A = Elapsed time spent in this place.
 B = Non-inter-level travel time spent in this place.
 C = Inter-level travel time spent in this place.
 D = Time resting spent in this place.
 E = Time spent auto-exploring this place.
 F = Levels seen in this place.
 G = Mean time per level.
                   A        B        C        D        E       F      G
               +--------+--------+--------+--------+--------+-----+--------+
         Total |  25789 |  23997 |   1792 |   1763 |  17796 |  18 | 1432.7 |
       Dungeon |  18131 |  16573 |   1558 |    996 |  12663 |  10 | 1813.1 |
        Temple |    132 |    123 |      9 |      0 |    110 |   1 |  132.0 |
          Lair |   6402 |   6177 |    225 |    163 |   4693 |   6 | 1067.0 |
      Gauntlet |   1122 |   1122 |      0 |    604 |    329 |   1 | 1122.0 |
               +--------+--------+--------+--------+--------+-----+--------+

Top non-repeatable levels by time:
     D:6: 2531 daAuts
    D:10: 2449 daAuts
     D:5: 2239 daAuts
     D:3: 2159 daAuts
     D:2: 1945 daAuts
  Lair:1: 1643 daAuts
     D:1: 1564 daAuts
     D:7: 1426 daAuts
     D:9: 1413 daAuts
     D:4: 1322 daAuts
  Lair:2: 1265 daAuts
Gauntlet: 1122 daAuts
     D:8: 1079 daAuts
  Lair:4: 965 daAuts
  Lair:3: 923 daAuts
